Selects Australian Defense Battlegroup
Selects Australian Defense Battlegroup
Construct Section Command Post
Construct Platoon Command Post
Unlock M3 Stuart Light Tanks
Selects Australian Light Infantry Section
Selects 2-pounder Anti-tank Gun Team
Construct Field Infirmary
Selects Vehicle Over Repair
Construct Company Command Post
Selects CMP 15cwt Supply Run
Selects Artillery Trip Wire Flares
2-pounder Anti-tank Gun Team
Selects Charged Creeping Barrage
Selects Charged Creeping Barrage